Map: [ESL] Waterfall

Players

Reynor

  • Race: Zerg Zerg
  • League: Master
  • Spawn Location: 7:00

Astrea - Winner!

  • Race: Protoss Protoss
  • League: Master
  • Spawn Location: 1:00

Event: HomeStory Cup XXII

VOD

Have the link to the VOD?

Description

Time

  • Played on: Dec. 18, 2022, 4:36 p.m.
  • Length: 18:04

All games in this series

Show
View Real Time Build Order
Export as new Build Order

Reynor Zerg 

Build Orders: Pool First, Lurkers 

Get SALT Encoding   

  12  0:00  Drone  
  13  0:11  Overlord  
  13  0:16  Drone  
  14  0:30  Drone x2  
  16  0:40  Spawning Pool  
  15  0:44  Drone  
  16  1:06  Hatchery  
  16  1:09  Drone  
  16  1:15  Drone  
  17  1:27  Zergling x4  
  17  1:31  Zergling x2  
  20  1:33  Queen  
  20  1:38  Extractor  
  21  1:43  Overlord  
  21  1:53  Drone  
  22  2:03  Drone  
  23  2:09  Queen  
  26  2:15  Drone  
  26  2:19  Drone  
  27  2:24  Drone  
  27  2:29  Drone  
  31  2:36  Drone  
  32  2:42  Drone, Hatchery  
  30  2:47  Metabolic Boost  
  30  2:51  Drone  
  31  2:53  Drone  
  31  2:58  Overlord  
  32  3:01  Drone  
  32  3:04  Drone  
  32  3:05  Drone  
  35  3:16  Queen  
  35  3:17  Queen  
  39  3:22  Overlord  
  39  3:24  Drone  
  39  3:26  Drone  
  41  3:28  Drone  
  41  3:30  Drone  
  41  3:32  Drone  
  46  3:41  Drone x2  
  46  3:42  Overlord  
  46  3:44  Drone  
  47  3:52  Drone  
  47  3:53  Queen  
  50  3:55  Queen  
  50  3:57  Drone  
  50  4:00  Drone  
  54  4:06  Drone x3  
  54  4:07  Spore Crawler  
  56  4:14  Drone  
  56  4:18  Drone  
  56  4:21  Drone x3  
  60  4:26  Overlord  
  60  4:28  Drone  
  60  4:29  Spore Crawler, Drone x3, Evolution Chamber  
  60  4:30  Drone  
  63  4:33  Spore Crawler  
  63  4:36  Queen  
  64  4:41  Overlord  
  64  4:42  Drone  
  64  4:43  Drone  
  65  4:47  Overlord  
  65  4:49  Drone  
  65  4:52  Drone x2  
  65  4:53  Drone  
  65  4:56  Overlord  
  65  4:59  Zerg Melee Weapons Level 1  
  66  5:00  Drone  
  66  5:01  Drone  
  68  5:07  Roach Warren  
  68  5:08  Drone x2  
  68  5:09  Drone  
  67  5:20  Drone x2  
  69  5:26  Lair  
  69  5:27  Drone x2  
  71  5:30  Drone x3  
  71  5:31  Hatchery  
  71  5:35  Drone x4  
  75  5:43  Drone x4, Extractor  
  75  5:44  Extractor  
  75  5:46  Drone x2  
  75  5:47  Drone x2  
  75  5:48  Drone  
  82  5:51  Overlord  
  82  5:54  Drone x2  
  82  5:55  Drone  
  82  5:56  Drone  
  85  5:57  Extractor  
  85  5:58  Zergling x2  
  85  6:01  Zergling x2  
  87  6:06  Overlord  
  87  6:07  Zergling x2  
  87  6:08  Queen  
  88  6:12  Zergling x2  
  88  6:13  Queen  
  88  6:16  Zergling x2, Overlord  
  88  6:17  Zergling x2  
  93  6:20  Zergling x2  
  93  6:21  Zergling x6  
  93  6:25  Zergling x2  
  97  6:28  Queen  
  97  6:32  Zergling x4  
  101  6:34  Zergling x2  
  101  6:35  Zergling x6  
  101  6:43  Zergling x2  
  101  6:44  Zergling x6, Queen  
  101  6:45  Queen  
  106  6:47  Zergling x10  
  106  6:48  Queen  
  106  6:50  Zergling x2  
  106  6:53  Zergling x2  
  113  6:55  Zergling x2  
  113  6:57  Spine Crawler  
  113  6:58  Zergling x2  
  113  6:59  Zergling x2, Zerg Melee Weapons Level 2  
  111  7:02  Zergling x6  
  111  7:07  Zergling x6  
  118  7:09  Zergling x2  
  118  7:10  Queen  
  118  7:13  Zergling x4  
  119  7:16  Spine Crawler  
  119  7:17  Overlord x2  
  119  7:19  Zergling x4  
  119  7:20  Zergling x2  
  119  7:23  Queen  
  119  7:27  Overlord  
  117  7:31  Drone x3  
  117  7:34  Infestation Pit, Overlord  
  117  7:36  Zergling x8, Baneling Nest  
  117  7:38  Zergling x4  
  117  7:41  Zergling x4  
  120  7:45  Spore Crawler  
  120  7:48  Zergling x14  
  120  7:50  Overlord  
  126  7:54  Zergling x2, Spine Crawler  
  126  7:55  Zergling x2  
  127  8:00  Drone x2  
  129  8:06  Drone, Evolution Chamber  
  129  8:07  Drone, Extractor x2  
  129  8:09  Drone  
  129  8:10  Drone x4  
  129  8:11  Drone x2, Hive  
  129  8:12  Drone x2  
  138  8:13  Hydralisk Den, Drone  
  138  8:15  Drone x3  
  138  8:18  Overlord  
  138  8:19  Drone  
  141  8:21  Drone  
  141  8:23  Drone  
  143  8:28  Drone x2  
  143  8:30  Extractor  
  143  8:32  Extractor, Overlord  
  143  8:37  Zerg Missile Weapons Level 1  
  145  8:41  Drone x2, Hatchery  
  145  8:43  Lurker Den  
  145  8:45  Hydralisk  
  145  8:46  Hydralisk x4  
  153  8:48  Hydralisk x2  
  157  8:56  Centrifugal Hooks  
  157  8:59  Zergling x16  
  165  9:06  Hydralisk  
  165  9:07  Overlord x3  
  165  9:09  Overlord  
  164  9:21  Zergling x12  
  163  9:30  Zergling x2  
  160  9:33  Zergling x2  
  160  9:34  Zergling x10  
  166  9:40  Lurker x8  
  166  9:45  Zergling x30  
  189  9:52  Seismic Spines  
  188  9:53  Overlord  
  188  10:00  Adrenal Glands  
  188  10:05  Hydralisk x2  
  188  10:06  Hydralisk x3  
  176  10:12  Drone x3  
  171  10:21  Zergling x22, Hatchery  
  170  10:25  Zerg Melee Weapons Level 3  
  181  10:28  Hydralisk x3  
  181  10:29  Zergling x2  
  174  10:47  Hydralisk x7  
  174  10:48  Zergling x6  
  186  10:51  Zergling x6  
  186  10:52  Zergling x2  
  181  11:01  Lurker x6  
  168  11:10  Adaptive Talons, Hatchery  
  167  11:14  Drone x3  
  167  11:18  Zergling x14  
  177  11:27  Zergling x14  
  187  11:32  Lurker x3  
  187  11:33  Lurker  
  187  11:34  Zergling x2  
  187  11:35  Zergling x8  
  186  11:41  Zergling x16  
  193  11:59  Hydralisk  
  193  12:00  Zergling x18  
  176  12:06  Hydralisk  
  176  12:07  Zergling x8  
  174  12:11  Lurker x2  
  174  12:12  Queen  
  174  12:15  Zergling x6  
  178  12:20  Viper  
  181  12:28  Viper x2  
  187  12:30  Zergling x4  
  187  12:33  Hydralisk  
  191  12:39  Zergling x6  
  191  12:40  Lurker x2  
  196  12:45  Hatchery  
  196  12:46  Zergling x4  
  196  12:50  Zergling x4  
  197  13:00  Zergling x4  
  199  13:07  Baneling x3  
  198  13:18  Zergling x14  
  197  13:20  Overlord  
  197  13:22  Baneling x9  
  197  13:25  Hydralisk x6  
  197  13:26  Zergling x6  
  196  13:30  Hydralisk  
  196  13:31  Zergling x2  
  199  13:36  Zergling x8  
  195  13:48  Zergling x14  
  183  13:56  Hydralisk x3  
  183  13:57  Zergling x6  
  183  14:00  Zergling x2  
  183  14:01  Zergling x4  
  184  14:04  Lurker x5  
  184  14:05  Lurker x3  
  184  14:07  Zergling x10  
  184  14:08  Zergling x4  
  199  14:20  Spore Crawler  
  199  14:21  Spine Crawler  
  199  14:23  Overseer  
  197  14:30  Zergling x12  
  196  14:49  Zergling x8  
  197  14:58  Zergling x40  
  177  15:00  Queen, Hydralisk  
  177  15:03  Hydralisk x3  
  177  15:04  Zergling x2  
  156  15:13  Hydralisk x4  
  161  15:15  Viper  
  161  15:18  Baneling x4  
  161  15:19  Zerg Ground Armor Level 1  
  164  15:22  Drone x4  
  164  15:23  Spore Crawler  
  164  15:24  Spine Crawler  
  164  15:25  Hydralisk x3  
  172  15:29  Lurker x4  
  172  15:35  Zergling x2, Hydralisk x3  
  180  15:36  Zergling x4  
  180  15:38  Overseer  
  180  15:39  Lurker x4  
  189  15:43  Baneling x9  
  189  15:47  Zergling x2, Hydralisk  
  189  15:48  Zergling x2  
  183  15:50  Hydralisk  
  183  15:51  Zergling x4  
  182  15:59  Hydralisk x3  
  182  16:00  Hydralisk  
  188  16:06  Hydralisk x3  
  189  16:17  Hydralisk x5  
  151  16:27  Viper x2  
  155  16:35  Viper  
  157  16:43  Zergling x2  
  157  16:44  Zergling x16  
  166  16:51  Lurker x3  
  163  17:02  Zergling x14  
  147  17:36  Hydralisk  
  147  17:37  Hydralisk x5  
Show
View Real Time Build Order
Export as new Build Order

Astrea Protoss - Winner!

Build Orders: 1 Gate Expand, Oracle Opening, Carriers 

Get SALT Encoding   

  12  0:00  Probe  
  13  0:12  Probe  
  14  0:16  Pylon  
  14  0:24  Probe (Chrono Boost)  
  16  0:36  Probe (Chrono Boost)  
  16  0:38  Gateway  
  16  0:42  Probe (Chrono Boost)  
  16  0:48  Assimilator  
  17  0:52  Probe  
  18  1:04  Probe  
  19  1:16  Probe  
  20  1:25  Nexus  
  21  1:35  Cybernetics Core  
  21  1:38  Probe  
  21  1:44  Pylon  
  21  1:52  Zealot (Chrono Boost)  
  23  1:57  Assimilator  
  23  2:02  Probe  
  24  2:10  Adept (Chrono Boost)  
  24  2:14  Probe  
  27  2:26  Probe (Chrono Boost)  
  28  2:30  Stargate  
  29  2:39  Probe (Chrono Boost)  
  29  2:42  Probe (Chrono Boost)  
  30  2:47  Probe (Chrono Boost)  
  30  2:48  Warp Gate  
  30  2:49  Stalker  
  30  2:50  Probe (Chrono Boost)  
  34  2:53  Probe  
  35  3:01  Probe  
  36  3:05  Probe  
  36  3:12  Oracle (Chrono Boost)  
  37  3:13  Probe  
  37  3:17  Probe  
  42  3:21  Pylon  
  42  3:25  Probe  
  43  3:30  Probe  
  44  3:37  Probe  
  44  3:40  Oracle (Chrono Boost)  
  45  3:42  Probe  
  49  3:49  Probe  
  49  3:51  Nexus  
  49  3:54  Probe, Pylon  
  51  4:01  Probe  
  52  4:06  Probe  
  52  4:09  Twilight Council  
  53  4:13  Probe, Assimilator  
  54  4:20  Probe (Chrono Boost)  
  55  4:24  Gateway  
  55  4:25  Probe (Chrono Boost)  
  55  4:27  Gateway  
  55  4:30  Pylon  
  57  4:34  Probe (Chrono Boost)  
  57  4:35  Probe (Chrono Boost)  
  57  4:37  Gateway  
  58  4:40  Probe (Chrono Boost)  
  58  4:42  Probe  
  58  4:44  Adept, Blink (Chrono Boost)  
  62  4:52  Probe  
  63  4:54  Probe  
  64  5:00  Pylon  
  64  5:04  Probe  
  64  5:06  Probe  
  66  5:08  Probe  
  67  5:15  Stalker  
  67  5:16  Shield Battery, Probe  
  67  5:18  Probe  
  67  5:20  Probe  
  72  5:21  Forge  
  72  5:27  Stalker x2  
  72  5:28  Probe  
  77  5:29  Pylon  
  77  5:30  Probe  
  77  5:32  Probe  
  79  5:40  Probe  
  79  5:41  Stalker x2  
  80  5:43  Probe  
  80  5:44  Probe, Assimilator  
  82  5:50  Stalker x2  
  82  5:54  Pylon  
  86  5:59  Protoss Ground Weapons Level 1 (Chrono Boost)  
  86  6:01  Nexus  
  86  6:03  Pylon  
  86  6:07  Stalker x2  
  86  6:09  Probe  
  91  6:12  Probe  
  91  6:14  Stalker x2  
  91  6:15  Probe  
  97  6:25  Probe  
  98  6:28  Probe  
  98  6:31  Stalker x2  
  98  6:32  Probe  
  104  6:37  Probe  
  104  6:39  Stalker x2  
  109  6:40  Probe  
  109  6:44  Probe  
  109  6:46  Pylon  
  111  6:49  Probe  
  111  6:52  Probe  
  113  6:56  Probe  
  113  6:59  Stalker  
  116  7:01  Probe  
  116  7:04  Gateway, Stalker x3, Probe  
  116  7:07  Gateway  
  125  7:08  Probe  
  125  7:10  Shield Battery  
  125  7:13  Probe  
  127  7:15  Probe  
  127  7:16  Probe  
  127  7:18  Assimilator  
  127  7:19  Assimilator  
  127  7:20  Probe  
  127  7:25  Probe  
  127  7:27  Probe  
  127  7:28  Probe  
  130  7:32  Probe  
  123  7:37  Probe  
  123  7:38  Stalker x4  
  123  7:39  Probe  
  123  7:41  Charge (Chrono Boost), Probe  
  134  7:44  Probe, Assimilator x2  
  134  7:45  Photon Cannon  
  134  7:46  Templar Archives  
  134  7:47  Gateway  
  134  7:48  Gateway  
  134  7:49  Gateway  
  135  7:51  Gateway  
  135  7:52  Shield Battery  
  135  7:56  Photon Cannon  
  135  8:02  Protoss Ground Weapons Level 2 (Chrono Boost)  
  135  8:05  Gateway x2  
  135  8:13  Zealot x2  
  135  8:16  Pylon  
  135  8:17  Pylon  
  135  8:19  Pylon  
  139  8:23  Pylon  
  139  8:26  Robotics Facility  
  139  8:31  Gateway  
  139  8:35  High Templar x4  
  139  8:37  Gateway, High Templar x2, Pylon  
  139  8:41  Archon x3  
  151  8:46  Zealot x4, Pylon  
  151  8:47  Pylon  
  159  8:56  Pylon  
  159  9:07  Zealot x4  
  159  9:08  Zealot x6  
  159  9:09  Zealot x2  
  183  9:13  Photon Cannon  
  183  9:22  Warp Prism (Chrono Boost)  
  177  9:31  High Templar x8  
  185  9:32  Zealot x4  
  185  9:33  Zealot x2  
  185  9:36  Archon x4  
  197  9:40  Photon Cannon  
  197  9:41  Photon Cannon  
  197  9:42  Photon Cannon  
  197  9:45  Observer (Chrono Boost)  
  197  9:51  Pylon  
  178  10:07  Nexus  
  178  10:10  Zealot x13  
  200  10:15  Robotics Bay  
  200  10:19  Robotics Facility  
  200  10:21  Pylon  
  172  10:37  Zealot x14  
  188  10:53  Oracle  
  188  10:56  Nexus  
  183  10:57  Pylon  
  177  11:06  High Templar x8  
  177  11:07  Zealot x3  
  177  11:09  Observer (Chrono Boost)  
  200  11:13  Archon  
  200  11:14  Archon x2  
  200  11:15  Archon  
  196  11:35  Disruptor (Chrono Boost)  
  199  11:41  Nexus  
  199  11:43  Psionic Storm  
  197  11:58  Zealot  
  197  11:59  Zealot x10  
  199  12:05  Protoss Ground Weapons Level 3 (Chrono Boost)  
  199  12:06  Disruptor  
  198  12:14  Photon Cannon  
  198  12:15  Photon Cannon  
  198  12:16  Shield Battery, Zealot  
  198  12:18  Photon Cannon  
  195  12:32  Disruptor  
  198  12:41  Fleet Beacon  
  198  12:42  Protoss Air Weapons Level 1 (Chrono Boost)  
  198  12:44  Nexus, Stargate  
  198  12:45  Stargate  
  198  12:47  Pylon  
  196  13:01  Pylon  
  194  13:07  Zealot x4  
  199  13:22  Disruptor  
  199  13:29  Nexus  
  197  13:36  Photon Cannon  
  197  13:37  Photon Cannon  
  197  13:39  Photon Cannon  
  197  13:40  Photon Cannon  
  175  13:42  Photon Cannon  
  175  13:44  Photon Cannon  
  171  13:50  Zealot x14  
  171  13:53  Carrier x2 (Chrono Boost)  
  171  13:55  Disruptor  
  179  13:59  Carrier (Chrono Boost)  
  182  14:11  High Templar x5  
  192  14:19  Zealot x4  
  194  14:45  Disruptor (Chrono Boost)  
  194  14:46  Disruptor (Chrono Boost)  
  192  14:55  Zealot x3  
  192  14:56  Zealot x4  
  192  14:57  Archon  
  179  15:00  Carrier x2  
  179  15:01  Carrier  
  171  15:07  Stalker  
  171  15:08  Stalker x6  
  179  15:18  Disruptor x2 (Chrono Boost)  
  185  15:22  Assimilator  
  185  15:23  Assimilator  
  185  15:28  Zealot, High Templar x6  
  199  15:44  Nexus  
  187  15:59  Disruptor x2  
  155  16:26  Carrier x2  
  155  16:32  Probe x2, Pylon  
  158  16:33  Probe x2  
  158  16:36  Pylon  
  160  16:44  Probe  
  153  16:54  Observer x2  
  153  16:57  Zealot x5  
  153  16:58  Zealot x6  
Tags
 
Add a new tag
Caveats
  • Supply blocks, unpowered buildings, or Contaminate may cause inaccurate times.
  • Supply counts are checked every 10 seconds.